AoeStats
← thecakemaker

Arabia

504419212Analyzed
3v3 RM · 27d ago on Sep 5, 2026· 17m 53s· 6 players
Game mode
Random Map
Map size
Normal (6 player)
Population
200
Speed
Normal
Resources
Standard
Victory
Conquest
Starting age
Dark Age
Ending age
Imperial Age
RankedLock teamsTeams togetherTeam positionsShared explorationLock speedFull tech treeHidden civsTurbo modeCheats
Victory
Defeat
🇩🇪 Mapuche · Germany
1106
+12
🇨🇳 Koreans · China
1102
+12
🇮🇹 Mongols · Italy
1075
+13
🇦🇺 Wei · Australia
1098
-15
🇦🇺 Teutons · Australia
1051
-14
🇦🇺 Huns · Australia
882
-8
Maurizio il Brocco
7:52 Feudal Age
8:07 Loom
17:52 Fletching
DDVICTORY
10:23 Feudal Age
11:21 Loom
13:57 Double-Bit Axe
14:43 Fletching
16:22 Wheelbarrow
16:29 Horse Collar
17:02 Arson
FDTD
7:47 Loom
9:36 Feudal Age
8:56 Loom
10:45 Champi Runner
11:23 Double-Bit Axe
14:44 Scale Mail Armor
Hiyu222
11:12 Feudal Age
10:41 Loom
12:58 Double-Bit Axe
15:42 Scale Mail Armor
19:21 Castle Age
thecakemaker
11:05 Feudal Age
9:21 Loom
12:19 Horse Collar
12:31 Double-Bit Axe
wayne_king
9:29 Feudal Age
9:46 Man-at-Arms
10:20 Horse Collar
11:52 Loom
Connection lost

Rejoining the realm…

Still unreachable

The connection could not be restored.

Session expired

The server has moved on; the page needs a fresh start.